 Dungeon Crawl Stone Soup version 0.30-a0-170-g85af917532 (webtiles) character file.

Game seed: 12755574348576174991

113767 qw the Severer (level 16, -3/103 HPs)
             Began as a Gargoyle Fighter on Oct 1, 2022.
             Was a High Priest of Okawaru.
             Slain by a salamander
             ... wielding a +0 halberd
              (13 damage)
             ... on level 2 of the Snake Pit.
             The game lasted 00:12:42 (28050 turns).

qw the Severer (Gargoyle Fighter)                  Turns: 28050, Time: 00:12:42

Health: -3/103     AC: 37    Str: 24    XL:     16   Next: 64%
Magic:  23/23      EV: 14    Int:  9    God:    Okawaru [*****.]
Gold:   1932       SH: 29    Dex: 24    Spells: 15/15 levels left

rFire   . . .      SeeInvis .    b - +3 broad axe "Ajetai Xelud" {vorpal, rElec rCorr Dex+3}
rCold   + . .      Faith    .    w - +0 tower shield
rNeg    + . .      Spirit   .    r - +0 plate armour
rPois   inf        Reflect  +    h - +1 hat "Ohiorenn" {Fly rPois Str-2 Dex+8}
rElec   +          Harm     .    y - scarf {repulsion}
rCorr   +          Rampage  .    q - +2 pair of gloves
Will    +....                    t - +2 pair of boots
Stlth   ..........               i - amulet of reflection
HPRegen 0.27/turn                v - +4 ring of evasion
MPRegen 0.18/turn                f - ring of protection from cold

@: about to teleport, heroic, flying, slowed, constricted, repel missiles, very
slow
A: sickness immunity, AC +12, big wings, negative energy resistance 1,
electricity resistance, torment resistance 1, petrification resistance, agile 1
a: Renounce Religion, Heroism, Finesse, Duel


You were on level 2 of the Snake Pit.
You worshipped Okawaru.
Okawaru was extremely pleased with you.
You visited 5 branches of the dungeon, and saw 25 of its levels.
You also visited: Ossuary.

You collected 2585 gold pieces.
You spent 653 gold pieces at shops.


Innate Abilities, Weirdness & Mutations

You are immune to sickness and miasma.
Your stone body is resilient. (AC +12)
You are immune to poison.
Your large and strong wings let you fly.
You resist negative energy. (rN+)
You are resistant to electric shocks. (rElec)
You are resistant to unholy torment.
You are immune to petrification.
You are agile. (Dex +4, Str/Int -1)


   Skills:
 - Level 12.7(17.7) Fighting
 - Level 17.0(22.0) Axes
 - Level 4.0(9.0) Throwing
 - Level 11.0(16.0) Armour
 - Level 5.0(10.0) Dodging
 + Level 15.4(20.4) Shields
 - Level 10.0 Invocations


You had 15 spell levels left.
You didn't know any spells.
Your spell library was empty.

Inventory:

Hand Weapons
 b - the +3 broad axe "Ajetai Xelud" (weapon) {vorpal, rElec rCorr Dex+3}
   (Okawaru gifted it to you on level 1 of the Snake Pit)

   It inflicts extra damage upon your enemies.
   Dex:       It affects your dexterity (+3).
   rElec:     It insulates you from electricity.
   rCorr:     It protects you from acid and corrosion.
 B - a +0 morningstar
Missiles
 n - 11 boomerangs (quivered)
Armour
 h - the +1 hat "Ohiorenn" (worn) {Fly rPois Str-2 Dex+8}
   (You acquired it on level 5 of the Dungeon)

   Str:       It affects your strength (-2).
   Dex:       It affects your dexterity (+8).
   rPois:     It protects you from poison.
   Fly:       It grants you flight.
 p - a +0 chain mail of fire resistance
 q - a +2 pair of gloves (worn)
 r - a +0 plate armour (worn)
 t - a +2 pair of boots (worn)
 w - a +0 tower shield (worn)
 y - a scarf of repulsion (worn)
 A - a +1 cloak
Jewellery
 c - a +2 ring of protection
 f - a ring of protection from cold (right hand)
 i - an amulet of reflection (around neck)
 v - a +4 ring of evasion (left hand)
 x - a ring of ice
Scrolls
 j - 4 scrolls of teleportation
 m - 13 scrolls of identify
Potions
 a - 4 potions of haste
 d - 2 potions of might
 e - 6 potions of curing
 g - 5 potions of attraction
 k - 3 potions of resistance
 l - 2 potions of heal wounds
 o - a potion of cancellation
 s - 2 potions of lignification
 u - 6 potions of mutation

Dungeon Overview and Level Annotations

Branches:
Dungeon (15/15)            Temple (1/1) D:5            Lair (5/5) D:8
 Shoals (0/4) Lair:2        Snake (2/4) Lair:3        Slime (0/5) Lair:4
    Orc (2/2) D:11            Elf (0/3) Orc:2        Vaults (0/5) D:13
 Depths (0/4) D:15        Ossuary (visited)

Altars:
Ashenzari
Cheibriados
Dithmenos
Elyvilon
Fedhas
Gozag
Hepliaklqana
Kikubaaqudgha
Makhleb
Nemelex Xobeh
Okawaru
Qazlal
Ru
Sif Muna
Trog
Uskayaw
Vehumet
Wu Jian
Xom
Yredelemnul
Zin
The Shining One
Jiyva

Shops:
D:4 =*   D:15 [   Orc:2 (*[:   Snake:1 ::

Annotations:
D:4 Natasha
D:7 3 runed translucent doors, qw's ghost, novice GrFi
D:11 2 transporters, limozeen581's ghost, journeyman DEHW
D:12 2 transporters, qw's ghost, journeyman GrFi
Lair:1 2 transporters
Lair:5 2 transporters, qw's ghost, journeyman GrFi


Message History

You resist. The naga warrior spits poison at you.
The splash of poison reflects off an invisible shield around you!
The splash of poison hits the naga warrior.
You block the naga's attack. x2; You block the salamander's attack.
The naga spits poison at you. The splash of poison misses you.
The splash of poison hits the naga.
The naga mage spits poison at you.
The splash of poison is repelled.
You block the black mamba's attack.
You hit the naga warrior.
The naga warrior is heavily wounded.
You slash the black mamba! You slash the naga mage! You slash the naga!
You hit the naga.
The naga no longer looks unusually strong.
The black mamba bites you! You block the naga warrior's attack.
The naga warrior grabs you. The naga warrior constricts you.
You block the naga's attack. You block the black mamba's attack.
A salamander tyrant comes into view.
The salamander hits you from afar with a +0 halberd.
You are engulfed in flames!
The naga warrior roars a battlecry!
The naga goes into a battle-frenzy!
The naga barely misses you.
The black mamba bites you but does no damage.
The naga mage casts a spell.
The naga mage seems to speed up.
The naga warrior hits you but does no damage.
The naga warrior constricts you.
28050 ||| READING 5 scrolls of teleportation.
As you read the scroll of teleportation, it crumbles to dust.
You feel strangely unstable.
The naga mage no longer looks unusually strong.
The salamander no longer looks unusually strong.
The black mamba closely misses you. You block the black mamba's attack.
The naga mage points at the naga warrior and mumbles some strange words.
The naga warrior seems to grow toxic.
You block the naga's attack. The black mamba bites you.
The salamander hits you from afar with a +0 halberd.
You are engulfed in flames!
You die...

................
#.....................
#.....................
###....................
.......................
.......................
.................N.....
.......<......N.S.N...#
..#######......@NS#
##......SNN.#
#......$....#
#...............
..................
...................
..................N.
....................
######..........##


You could see 2 naga warriors, a salamander tyrant, a salamander, 3 black
mambas, a naga mage (fast, catching breath) and 2 nagas.

Vanquished Creatures
  Gastronok (Lair:3)
  An orc warlord (Orc:2)
  Nessos (Lair:3)
  An ettin (D:15)
  Snorg (Lair:4)
  Fannar (Lair:2)
  A fire dragon (Lair:5)
  Harold (Lair:1)
  4 hydras
  Erolcha (Orc:2)
  8 vault guards (D:13)
  2 centaur warriors (D:15)
  An ogre mage (D:15)
  A catoblepas (Lair:3)
  9 two-headed ogres
  3 boulder beetles
  Erica (Orc:1)
  8 anacondas
  4 death yaks (Lair:5)
  6 tengu warriors
  4 naga warriors (Snake:1)
  An orc high priest (Orc:2)
  2 naga sharpshooters (Snake:1)
  Sonja (Orc:2)
  Urug (Lair:1)
  Nergalle (Lair:3)
  Amaemon (Lair:1)
  A swamp dragon (Lair:5)
  A deep troll (D:15)
  2 naga ritualists (Snake:1)
  2 necromancers (D:15)
  Pikel (D:4)
  3 orc knights (Orc:2)
  3 mana vipers (Snake:1)
  18 ugly things
  A deep elf pyromancer (D:11)
  5 cyclopes
  3 orc sorcerers (Orc:2)
  A salamander (Snake:1)
  6 manticores
  2 merfolk sirens (Lair:2)
  19 black mambas
  4 elephants (Lair:3)
  Maurice (Orc:2)
  3 naga magi (Snake:1)
  A guardian serpent (Snake:2)
  A torpor snail (Lair:2)
  An orange demon (Lair:1)
  9 cane toads
  2 rime drakes
  2 efreet
  4 komodo dragons
  A tengu conjurer (D:13)
  6 trolls
  2 merfolk (Lair:2)
  3 meliai (D:12)
  13 polar bears
  A queen bee (D:12)
  A hornet (D:11)
  Grinder (D:4)
  5 slime creatures (D:13)
  23 blink frogs
  2 raiju (Lair:5)
  A centaur simulacrum (D:14)
  A water elemental (D:14)
  28 yaks
  8 wyverns
  2 wraiths
  3 steam dragons
  9 basilisks
  9 vampire mosquitoes
  4 wargs (Lair:5)
  17 nagas
  8 acid dragons
  10 water moccasins
  15 hell hounds (Lair:5)
  Duvessa (D:7)
  3 ice beasts
  26 orc warriors
  A sky beast (D:7)
  2 swamp drakes (Lair:5)
  16 black bears
  11 ogres
  29 wolves
  2 centaurs
  2 phantoms
  2 lemures (D:4)
  A kobold brigand (D:7)
  Blork the orc (Orc:2)
  11 bullfrogs
  2 necrophages
  3 gnoll sergeants
  4 scorpions
  5 wights (D:9)
  28 killer bees
  Dowan (D:7)
  A howler monkey (D:6)
  4 electric eels
  A hound (D:5)
  2 jellies
  23 orc priests
  7 iguanas
  39 orc wizards
  Ijyb (D:3)
  Natasha (D:4)
  8 mummies (Ossuary)
  Robin (D:4)
  12 gnolls
  10 adders
  2 white imps
  6 worms
  2 dart slugs
  89 orcs
  8 bats
  6 endoplasms
  15 goblins
  2 hobgoblins
  7 quokkas
  7 ball pythons
  4 frilled lizards
  3 hobgoblin zombies (Ossuary)
  12 kobolds
  3 kobold zombies (Ossuary)
  2 orc zombies (Ossuary)
  12 rats
  A bush (D:8)
778 creatures vanquished.

Vanquished Creatures (others)
  A hydra (Lair:3)
  19 fungi
  63 plants
83 creatures vanquished.

Grand Total: 861 creatures vanquished

Notes
Turn   | Place    | Note
-------+----------+-------------------------------------------
     0 | D:1      | qw the Gargoyle Fighter began the quest for the Orb.
     0 | D:1      | Reached XP level 1. HP: 14/14 MP: 1/1
     0 | D:1      | 0 ||| qw: Version: 0.2-a-13-gfc7b4b4
     0 | D:1      | 0 ||| qw: Game counter: 1738
     0 | D:1      | 0 ||| qw: Always use a shield: true
     0 | D:1      | 0 ||| qw: God list: Okawaru
     0 | D:1      | 0 ||| qw: Allow faded altars: false
     0 | D:1      | 0 ||| qw: Do Orc after D:15 true
     0 | D:1      | 0 ||| qw: Do second Lair branch before Depths: true
     0 | D:1      | 0 ||| qw: Lair rune preference: random
     0 | D:1      | 0 ||| qw: Plans: Normal, Zot:1-4, God:TSO, Crypt, Tomb,
                  | Pan, Slime:5, Hells, Abyss, Orb
     0 | D:1      | 0 ||| PLANNING D:1-11
    45 | D:1      | 45 ||| Stepping ~*~*~tactically~*~*~ (stealth).
    51 | D:1      | Reached skill level 2 in Axes
   280 | D:1      | Reached XP level 2. HP: 15/19 MP: 2/2
   483 | D:1      | 483 ||| Stepping ~*~*~tactically~*~*~ (stealth).
   491 | D:1      | Found a faded altar of an unknown god.
   543 | D:1      | 543 ||| Stepping ~*~*~tactically~*~*~ (stealth).
   546 | D:1      | 546 ||| Stepping ~*~*~tactically~*~*~ (stealth).
   553 | D:1      | 553 ||| Stepping ~*~*~tactically~*~*~ (stealth).
   567 | D:1      | 567 ||| Stepping ~*~*~tactically~*~*~ (stealth).
   568 | D:1      | 568 ||| Stepping ~*~*~tactically~*~*~ (stealth).
   572 | D:1      | Reached skill level 3 in Axes
   720 | D:1      | Reached XP level 3. HP: 23/23 MP: 3/3
  1124 | D:1      | 1124 ||| READING scroll labelled VIORE YLUAS.
  1125 | D:1      | 1125 ||| READING scroll labelled BEFORE WEUNOS.
  1126 | D:1      | 1126 ||| READING scroll labelled VAEBAL QAYNE.
  1127 | D:1      | 1127 ||| DRINKING 2 pink potions.
  1343 | D:2      | Reached XP level 4. HP: 28/28 MP: 4/4
  1385 | D:2      | 1385 ||| Stepping ~*~*~tactically~*~*~ (hiding).
  1517 | D:2      | Reached skill level 4 in Axes
  2066 | D:2      | 2066 ||| UPGRADING to amulet of reflection.
  2071 | D:2      | 2071 ||| READING scroll labelled GOGROWOPSEM.
  2072 | D:2      | 2072 ||| READING scroll labelled SUMEHOITWA.
  2073 | D:2      | 2073 ||| DROPPING +0 club.
  2074 | D:2      | 2074 ||| READING scroll labelled YCAZXE GEMMENG.
  2078 | D:2      | 2078 ||| DRINKING 2 metallic clear potions.
  2254 | D:3      | Noticed an ogre
  2259 | D:3      | 2259 ||| Stepping ~*~*~tactically~*~*~ (stealth).
  2262 | D:3      | Killed an ogre
  2263 | D:3      | Reached skill level 5 in Axes
  2263 | D:3      | Reached XP level 5. HP: 19/32 MP: 5/5
  2287 | D:3      | 2287 ||| FLEEEEING.
  2288 | D:3      | 2288 ||| FLEEEEING.
  2289 | D:3      | 2289 ||| FLEEEEING.
  2290 | D:3      | 2290 ||| FLEEEEING.
  2291 | D:3      | 2291 ||| FLEEEEING.
  2292 | D:3      | 2292 ||| FLEEEEING.
  2293 | D:3      | 2293 ||| FLEEEEING.
  2294 | D:3      | 2294 ||| FLEEEEING.
  2295 | D:3      | 2295 ||| FLEEEEING.
  2296 | D:3      | 2296 ||| FLEEEEING.
  2297 | D:3      | 2297 ||| FLEEEEING.
  2298 | D:3      | 2298 ||| FLEEEEING.
  2299 | D:3      | 2299 ||| FLEEEEING.
  2300 | D:3      | 2300 ||| FLEEEEING.
  2301 | D:3      | 2301 ||| FLEEEEING.
  2302 | D:3      | 2302 ||| FLEEEEING.
  2303 | D:3      | 2303 ||| FLEEEEING.
  2304 | D:3      | 2304 ||| FLEEEEING.
  2305 | D:3      | 2305 ||| FLEEEEING.
  2306 | D:3      | 2306 ||| FLEEEEING.
  2307 | D:3      | 2307 ||| FLEEEEING.
  2308 | D:3      | 2308 ||| FLEEEEING.
  2309 | D:3      | 2309 ||| FLEEEEING.
  2310 | D:3      | 2310 ||| FLEEEEING.
  2312 | D:3      | 2312 ||| FLEEEEING.
  2313 | D:3      | 2313 ||| FLEEEEING.
  2314 | D:3      | 2314 ||| FLEEEEING.
  2315 | D:3      | 2315 ||| FLEEEEING.
  2316 | D:3      | 2316 ||| FLEEEEING.
  2317 | D:3      | 2317 ||| FLEEEEING.
  2318 | D:3      | 2318 ||| FLEEEEING.
  2319 | D:3      | 2319 ||| FLEEEEING.
  2320 | D:3      | 2320 ||| FLEEEEING.
  2321 | D:3      | 2321 ||| FLEEEEING.
  2322 | D:3      | 2322 ||| FLEEEEING.
  2323 | D:3      | 2323 ||| FLEEEEING.
  2324 | D:3      | 2324 ||| FLEEEEING.
  2325 | D:3      | 2325 ||| FLEEEEING.
  2326 | D:3      | 2326 ||| FLEEEEING.
  2328 | D:3      | 2328 ||| FLEEEEING.
  2329 | D:3      | 2329 ||| FLEEEEING.
  2330 | D:3      | 2330 ||| FLEEEEING.
  2331 | D:3      | 2331 ||| FLEEEEING.
  2332 | D:3      | 2332 ||| FLEEEEING.
  2333 | D:3      | 2333 ||| FLEEEEING.
  2334 | D:3      | 2334 ||| FLEEEEING.
  2336 | D:3      | 2336 ||| FLEEEEING.
  2337 | D:3      | 2337 ||| FLEEEEING.
  2338 | D:3      | 2338 ||| FLEEEEING.
  2339 | D:3      | 2339 ||| FLEEEEING.
  2340 | D:3      | 2340 ||| FLEEEEING.
  2341 | D:3      | 2341 ||| FLEEEEING.
  2342 | D:3      | 2342 ||| FLEEEEING.
  2343 | D:3      | 2343 ||| FLEEEEING.
  2344 | D:3      | 2344 ||| FLEEEEING.
  2345 | D:3      | 2345 ||| FLEEEEING.
  2346 | D:3      | 2346 ||| FLEEEEING.
  2347 | D:3      | 2347 ||| FLEEEEING.
  2348 | D:3      | 2348 ||| STAIRDANCE
  2397 | D:3      | Found a bloodstained altar of Trog.
  2411 | D:3      | Identified the +1 leather armour of Skepticism {Str+4 Int+4
                  | Dex+2}
  2796 | D:3      | 2796 ||| Stepping ~*~*~tactically~*~*~ (hiding).
  2928 | D:3      | Noticed Ijyb
  2937 | D:3      | Killed Ijyb
  2938 | D:3      | Reached XP level 6. HP: 26/38 MP: 6/6
  3066 | D:3      | Found an ornate altar of the Wu Jian Council.
  3075 | D:3      | Found a shimmering blue altar of Sif Muna.
  3250 | D:3      | 3250 ||| DROPPING +1 leather armour of Skepticism {Str+4
                  | Int+4 Dex+2}.
  3251 | D:3      | 3251 ||| UPGRADING to +0 chain mail.
  3261 | D:3      | 3261 ||| DROPPING +0 scale mail.
  3262 | D:3      | 3262 ||| UPGRADING to +2 pair of gloves.
  3267 | D:3      | 3267 ||| DROPPING amulet of the acrobat.
  3268 | D:3      | 3268 ||| READING 3 scrolls labelled MONUASHREIRGH.
  3269 | D:3      | 3269 ||| READING scroll labelled BOAMOK OTO.
  3270 | D:3      | 3270 ||| DRINKING 3 metallic blue potions.
  3271 | D:3      | 3271 ||| READING 2 scrolls of identify.
  3271 | D:3      | 3271 ||| IDENTIFYING glowing inky potion
  3272 | D:3      | 3272 ||| DROPPING 2 scrolls of amnesia.
  3306 | D:4      | 3306 ||| PLANNING SEWER
  3371 | D:4      | 3371 ||| Stepping ~*~*~tactically~*~*~ (stealth).
  3412 | D:4      | Found a broken altar of Ashenzari.
  3553 | D:4      | Noticed a black bear
  3567 | D:4      | Killed a black bear
  3732 | D:4      | Noticed Grinder
  3736 | D:4      | 3736 ||| Stepping ~*~*~tactically~*~*~ (hiding).
  3745 | D:4      | Paralysed by Grinder for 5 turns
  3754 | D:4      | Killed Grinder
  3755 | D:4      | Reached skill level 6 in Axes
  3755 | D:4      | Reached XP level 7. HP: 32/43 MP: 7/7
  3832 | D:4      | Found Jousuf's Neck Hole.
  3844 | D:4      | 3844 ||| Stepping ~*~*~tactically~*~*~ (stealth).
  3847 | D:4      | Reached skill level 1 in Dodging
  3895 | D:4      | 3895 ||| Stepping ~*~*~tactically~*~*~ (stealth).
  3908 | D:4      | 3908 ||| Stepping ~*~*~tactically~*~*~ (stealth).
  3910 | D:4      | 3910 ||| Stepping ~*~*~tactically~*~*~ (stealth).
  3964 | D:4      | 3964 ||| BUYING +0 cloak (63 gold).
  3964 | D:4      | Bought a +0 cloak for 63 gold pieces
  3964 | D:4      | 3964 ||| SHOPLISTING scarf of resistance (448 gold, have
                  | 158).
  3966 | D:4      | Noticed Pikel
  3984 | D:4      | Killed Pikel
  3985 | D:4      | Reached skill level 8 in Axes
  3985 | D:4      | Reached XP level 8. HP: 19/48 MP: 8/8
  3987 | D:4      | 3987 ||| FLEEEEING.
  4040 | D:4      | 4040 ||| RIP SEWER
  4093 | D:4      | Noticed Robin
  4094 | D:4      | 4094 ||| PLANNING D:1-11
  4094 | D:4      | 4094 ||| FLEEEEING.
  4218 | D:4      | 4218 ||| Stepping ~*~*~tactically~*~*~ (stealth).
  4223 | D:4      | 4223 ||| Stepping ~*~*~tactically~*~*~ (stealth).
  4224 | D:4      | 4224 ||| Stepping ~*~*~tactically~*~*~ (stealth).
  4230 | D:4      | 4230 ||| Stepping ~*~*~tactically~*~*~ (stealth).
  4240 | D:4      | Killed Robin
  4294 | D:4      | Found Hobliahi's One-of-a-Kind Rings.
  4302 | D:4      | 4302 ||| BUYING +2 ring of protection (140 gold).
  4302 | D:4      | Bought a +2 ring of protection for 140 gold pieces
  4302 | D:4      | 4302 ||| SHOPLISTING +3 ring of strength (140 gold, have
                  | 26).
  4302 | D:4      | 4302 ||| SHOPLISTING +6 ring of evasion (1092 gold, have
                  | 26).
  4302 | D:4      | 4302 ||| SHOPLISTING +6 ring of protection (1092 gold, have
                  | 26).
  4302 | D:4      | 4302 ||| SHOPLISTING +8 ring of dexterity (770 gold, have
                  | 26).
  4471 | D:4      | Noticed Natasha
  4474 | D:4      | Killed Natasha
  4523 | D:4      | Noticed Natasha
  4524 | D:4      | 4524 ||| Stepping ~*~*~tactically~*~*~ (stealth).
  4590 | D:4      | 4590 ||| UPGRADING to +0 cloak.
  4595 | D:4      | 4595 ||| UPGRADING to +0 helmet.
  4600 | D:4      | 4600 ||| UPGRADING to +2 ring of protection.
  4601 | D:4      | 4601 ||| READING 2 scrolls of identify.
  4601 | D:4      | 4601 ||| IDENTIFYING ruby potion
  4602 | D:4      | 4602 ||| DROPPING potion of brilliance.
  4616 | D:5      | Entered Level 5 of the Dungeon
  4617 | D:5      | Found a staircase to the Ecumenical Temple.
  4618 | D:5      | 4618 ||| PLANNING TEMPLE
  4618 | D:5      | 4618 ||| STAIRDANCE
  4627 | Temple   | Entered the Ecumenical Temple
  4638 | Temple   | 4638 ||| PLANNING D:1-11
  4774 | D:5      | 4774 ||| Stepping ~*~*~tactically~*~*~ (hiding).
  4973 | D:5      | 4973 ||| Stepping ~*~*~tactically~*~*~ (hiding).
  4985 | D:5      | 4985 ||| Stepping ~*~*~tactically~*~*~ (stealth).
  4997 | D:5      | 4997 ||| Stepping ~*~*~tactically~*~*~ (stealth).
  5002 | D:5      | 5002 ||| Stepping ~*~*~tactically~*~*~ (stealth).
  5038 | D:5      | Reached skill level 6 in Fighting
  5328 | D:5      | Reached XP level 9. HP: 55/56 MP: 9/9
  5408 | D:5      | 5408 ||| Stepping ~*~*~tactically~*~*~ (hiding).
  5412 | D:5      | Reached skill level 9 in Axes
  5416 | D:5      | 5416 ||| Stepping ~*~*~tactically~*~*~ (stealth).
  5428 | D:5      | 5428 ||| Stepping ~*~*~tactically~*~*~ (stealth).
  5535 | D:5      | 5535 ||| UPGRADING to +0 pair of boots.
  5540 | D:5      | 5540 ||| READING scroll labelled DUWNEF IWUOS.
  5540 | D:5      | Identified a scroll of acquirement
  5540 | D:5      | 5540 ||| ACQUIRING +1 hat "Ohiorenn" {Fly rPois Str-2
                  | Dex+8}
  5540 | D:5      | Acquired the +1 hat "Ohiorenn" {Fly rPois Str-2 Dex+8}
  5542 | D:5      | 5542 ||| UPGRADING to +1 hat "Ohiorenn" {Fly rPois Str-2
                  | Dex+8}.
  5552 | D:5      | 5552 ||| DROPPING +0 helmet.
  5553 | D:5      | 5553 ||| READING scroll labelled PANOIKK MOOTU.
  5554 | D:5      | 5554 ||| READING scroll labelled KEYFOC PAXZUO.
  5619 | D:5      | 5619 ||| READING 2 scrolls of identify.
  5619 | D:5      | 5619 ||| IDENTIFYING fuming coppery potion
  5620 | D:5      | 5620 ||| DROPPING potion of flight.
  5642 | D:6      | 5642 ||| STAIRDANCE
  5735 | D:6      | 5735 ||| Stepping ~*~*~tactically~*~*~ (stealth).
  5741 | D:6      | 5741 ||| Stepping ~*~*~tactically~*~*~ (stealth).
  5880 | D:6      | Identified the +5 flail "Biathrisch" {flame, rN+ Str+4}
  5948 | D:6      | 5948 ||| Stepping ~*~*~tactically~*~*~ (stealth).
  5949 | D:6      | 5949 ||| Stepping ~*~*~tactically~*~*~ (stealth).
  5950 | D:6      | 5950 ||| Stepping ~*~*~tactically~*~*~ (stealth).
  5953 | D:6      | 5953 ||| Stepping ~*~*~tactically~*~*~ (hiding).
  6019 | D:6      | 6019 ||| Stepping ~*~*~tactically~*~*~ (stealth).
  6053 | D:6      | 6053 ||| Stepping ~*~*~tactically~*~*~ (stealth).
  6366 | D:6      | 6366 ||| DROPPING amulet of guardian spirit.
  6437 | D:7      | 6437 ||| PLANNING OSSUARY
  6499 | D:7      | Noticed Duvessa
  6499 | D:7      | Noticed qw's ghost (novice GrFi)
  6501 | D:7      | 6501 ||| Stepping ~*~*~tactically~*~*~ (stealth).
  6504 | D:7      | Noticed Dowan
  6505 | D:7      | 6505 ||| Stepping ~*~*~tactically~*~*~ (stealth).
  6510 | D:7      | 6510 ||| Stepping ~*~*~tactically~*~*~ (stealth).
  6512 | D:7      | 6512 ||| Stepping ~*~*~tactically~*~*~ (stealth).
  6513 | D:7      | 6513 ||| Stepping ~*~*~tactically~*~*~ (stealth).
  6514 | D:7      | Killed Duvessa
  6517 | D:7      | Killed Dowan
  6539 | D:7      | 6539 ||| Stepping ~*~*~tactically~*~*~ (stealth).
  6553 | D:7      | Reached skill level 10 in Axes
  6561 | D:7      | Identified the +2 ring mail "Ofoip" {rF+}
  6580 | D:7      | 6580 ||| Stepping ~*~*~tactically~*~*~ (hiding).
  6597 | D:7      | 6597 ||| FLEEEEING.
  6601 | D:7      | 6601 ||| FLEEEEING.
  6602 | D:7      | 6602 ||| FLEEEEING.
  6684 | D:7      | Reached skill level 6 in Armour
  6702 | D:7      | 6702 ||| Stepping ~*~*~tactically~*~*~ (stealth).
  6705 | D:7      | 6705 ||| Stepping ~*~*~tactically~*~*~ (stealth).
  6714 | D:7      | 6714 ||| Stepping ~*~*~tactically~*~*~ (stealth).
  6721 | D:7      | Reached XP level 10. HP: 51/64 MP: 10/10
  6820 | D:7      | 6820 ||| Stepping ~*~*~tactically~*~*~ (hiding).
  6836 | D:7      | 6836 ||| Stepping ~*~*~tactically~*~*~ (stealth).
  7056 | D:7      | Found a runed translucent gate.
  7056 | D:7      | Found a runed translucent gate.
  7056 | D:7      | Found a runed translucent gate.
  7061 | D:7      | 7061 ||| Stepping ~*~*~tactically~*~*~ (stealth).
  7068 | D:7      | 7068 ||| Stepping ~*~*~tactically~*~*~ (stealth).
  7069 | D:7      | 7069 ||| Stepping ~*~*~tactically~*~*~ (stealth).
  7070 | D:7      | 7070 ||| Stepping ~*~*~tactically~*~*~ (stealth).
  7071 | D:7      | 7071 ||| Stepping ~*~*~tactically~*~*~ (stealth).
  7072 | D:7      | 7072 ||| Stepping ~*~*~tactically~*~*~ (stealth).
  7073 | D:7      | 7073 ||| Stepping ~*~*~tactically~*~*~ (stealth).
  7074 | D:7      | 7074 ||| Stepping ~*~*~tactically~*~*~ (stealth).
  7075 | D:7      | 7075 ||| Stepping ~*~*~tactically~*~*~ (stealth).
  7076 | D:7      | 7076 ||| Stepping ~*~*~tactically~*~*~ (stealth).
  7116 | D:7      | Found a sand-covered staircase.
  7117 | D:7      | 7117 ||| DROPPING +2 ring mail "Ofoip" {rF+}.
  7118 | D:7      | 7118 ||| UPGRADING to +0 chain mail of fire resistance.
  7128 | D:7      | 7128 ||| DROPPING +0 chain mail.
  7129 | D:7      | 7129 ||| READING scroll labelled KOTROY TE SIS.
  7130 | D:7      | 7130 ||| DRINKING 3 glowing puce potions.
  7130 | D:7      | Gained mutation: You are agile. (Dex +4, Str/Int -1)
                  | [potion of mutation]
  7131 | D:7      | 7131 ||| READING 2 scrolls of identify.
  7131 | D:7      | 7131 ||| IDENTIFYING lumpy purple potion
  7132 | D:7      | 7132 ||| DROPPING potion of ambrosia.
  7136 | Ossuary  | Entered an ossuary
  7372 | Ossuary  | 7372 ||| READING scroll labelled NOEDUXT RITZ.
  7373 | Ossuary  | 7373 ||| READING scroll labelled LUALUMUEDA.
  7374 | Ossuary  | 7374 ||| DRINKING 3 smoky clear potions.
  7408 | Ossuary  | 7408 ||| READING 2 scrolls of identify.
  7408 | Ossuary  | 7408 ||| IDENTIFYING fuming puce potion
  7409 | Ossuary  | 7409 ||| DROPPING potion of magic.
  7432 | D:7      | 7432 ||| PLANNING D:1-11
  7635 | D:7      | 7635 ||| UPGRADING to ring of protection from cold.
  7666 | D:8      | Reached skill level 3 in Dodging
  7672 | D:8      | 7672 ||| DRINKING 5 potions of curing.
  7672 | D:8      | 7672 ||| (to cure confusion)
  7677 | D:8      | HP: 14/64 [iguana (6)]
  7678 | D:8      | 7678 ||| READING 4 scrolls of teleportation.
  7988 | D:8      | Found a staircase to the Lair.
  8064 | D:8      | Reached skill level 11 in Axes
  8085 | D:8      | Found an ancient bone altar of Kikubaaqudgha.
  8143 | D:8      | 8143 ||| Stepping ~*~*~tactically~*~*~ (hiding).
  8202 | D:8      | 8202 ||| READING scroll of enchant armour.
  8202 | D:8      | 8202 ||| ENCHANTING +0 pair of boots.
  8292 | D:8      | 8292 ||| READING scroll of enchant armour.
  8292 | D:8      | 8292 ||| ENCHANTING +1 pair of boots.
  8446 | D:8      | Noticed a tengu warrior
  8475 | D:8      | Killed a tengu warrior
  8621 | D:8      | Found the +18 Lear's hauberk
  8743 | D:8      | 8743 ||| DROPPING +2 chain mail of poison resistance.
  8744 | D:8      | 8744 ||| UPGRADING to +0 plate armour.
  8754 | D:8      | 8754 ||| UPGRADING to +0 kite shield.
  8764 | D:8      | 8764 ||| DROPPING +0 buckler.
  8765 | D:8      | 8765 ||| UPGRADING to +4 ring of evasion.
  8767 | D:8      | 8767 ||| READING 2 scrolls of identify.
  8767 | D:8      | 8767 ||| IDENTIFYING dark potion
  8861 | D:9      | 8861 ||| Stepping ~*~*~tactically~*~*~ (hiding).
  8873 | D:9      | 8873 ||| Stepping ~*~*~tactically~*~*~ (stealth).
  8905 | D:9      | Reached skill level 6 in Shields
  8906 | D:9      | 8906 ||| FLEEEEING.
  8907 | D:9      | 8907 ||| FLEEEEING.
  8909 | D:9      | 8909 ||| FLEEEEING.
  8910 | D:9      | 8910 ||| FLEEEEING.
  8911 | D:9      | 8911 ||| FLEEEEING.
  8912 | D:9      | 8912 ||| FLEEEEING.
  8913 | D:9      | 8913 ||| FLEEEEING.
  8914 | D:9      | 8914 ||| FLEEEEING.
  8915 | D:9      | 8915 ||| FLEEEEING.
  8916 | D:9      | 8916 ||| FLEEEEING.
  8917 | D:9      | 8917 ||| FLEEEEING.
  8918 | D:9      | 8918 ||| Stepping ~*~*~tactically~*~*~ (hiding).
  8919 | D:9      | 8919 ||| FLEEEEING.
  8923 | D:9      | HP: 10/65 [acid dragon/splash of acid (15)]
  8924 | D:9      | 8924 ||| READING 3 scrolls of teleportation.
  8925 | D:9      | 8925 ||| DRINKING potion of heal wounds.
  8927 | D:9      | Reached XP level 11. HP: 27/69 MP: 11/11
  9065 | D:9      | 9065 ||| Stepping ~*~*~tactically~*~*~ (stealth).
  9153 | D:9      | 9153 ||| Stepping ~*~*~tactically~*~*~ (hiding).
  9263 | D:9      | 9263 ||| Stepping ~*~*~tactically~*~*~ (stealth).
  9269 | D:9      | 9269 ||| Stepping ~*~*~tactically~*~*~ (stealth).
  9285 | D:9      | 9285 ||| FLEEEEING.
  9555 | D:9      | 9555 ||| Stepping ~*~*~tactically~*~*~ (hiding).
  9859 | D:9      | Found a hazy altar of Hepliaklqana.
 10106 | D:9      | 10106 ||| READING scroll labelled EROC CUTOSTOA.
 10145 | D:10     | Entered Level 10 of the Dungeon
 10146 | D:10     | 10146 ||| Stepping ~*~*~tactically~*~*~ (hiding).
 10147 | D:10     | 10147 ||| Stepping ~*~*~tactically~*~*~ (hiding).
 10150 | D:10     | Reached skill level 1 in Throwing
 10167 | D:10     | 10167 ||| Stepping ~*~*~tactically~*~*~ (stealth).
 10169 | D:10     | 10169 ||| Stepping ~*~*~tactically~*~*~ (stealth).
 10170 | D:10     | 10170 ||| Stepping ~*~*~tactically~*~*~ (stealth).
 10171 | D:10     | 10171 ||| Stepping ~*~*~tactically~*~*~ (stealth).
 10172 | D:10     | 10172 ||| Stepping ~*~*~tactically~*~*~ (stealth).
 10173 | D:10     | 10173 ||| Stepping ~*~*~tactically~*~*~ (stealth).
 10174 | D:10     | 10174 ||| Stepping ~*~*~tactically~*~*~ (stealth).
 10175 | D:10     | 10175 ||| Stepping ~*~*~tactically~*~*~ (stealth).
 10176 | D:10     | 10176 ||| Stepping ~*~*~tactically~*~*~ (stealth).
 10177 | D:10     | 10177 ||| Stepping ~*~*~tactically~*~*~ (stealth).
 10179 | D:10     | 10179 ||| FLEEEEING.
 10182 | D:10     | 10182 ||| FLEEEEING.
 10185 | D:10     | 10185 ||| STAIRDANCE
 10296 | D:10     | 10296 ||| FLEEEEING.
 10297 | D:10     | 10297 ||| FLEEEEING.
 10298 | D:10     | 10298 ||| STAIRDANCE
 10370 | D:10     | 10370 ||| STAIRDANCE
 10376 | D:10     | 10376 ||| STAIRDANCE
 10383 | D:9      | 10383 ||| SWAPPING to +2 war axe of electrocution.
 10443 | D:10     | 10443 ||| Stepping ~*~*~tactically~*~*~ (stealth).
 10449 | D:10     | 10449 ||| Stepping ~*~*~tactically~*~*~ (stealth).
 10452 | D:10     | 10452 ||| Stepping ~*~*~tactically~*~*~ (stealth).
 10503 | D:10     | 10503 ||| READING scroll of brand weapon.
 10503 | D:10     | 10503 ||| BRANDING +2 war axe of electrocution.
 10519 | D:10     | Noticed a two-headed ogre
 10534 | D:10     | Killed a two-headed ogre
 10535 | D:10     | Reached skill level 9 in Shields
 10631 | D:10     | Found an iron altar of Okawaru.
 10632 | D:10     | 10632 ||| PLANNING OKAWARU WORSHIP
 10635 | D:10     | Became a worshipper of Warmaster Okawaru
 10636 | D:10     | 10636 ||| PLANNING D:1-11
 10644 | D:10     | 10644 ||| Stepping ~*~*~tactically~*~*~ (hiding).
 10645 | D:10     | 10645 ||| Stepping ~*~*~tactically~*~*~ (hiding).
 10646 | D:10     | 10646 ||| Stepping ~*~*~tactically~*~*~ (hiding).
 10647 | D:10     | 10647 ||| Stepping ~*~*~tactically~*~*~ (hiding).
 10842 | D:10     | 10842 ||| DRINKING 4 potions of curing.
 10842 | D:10     | 10842 ||| (to cure confusion)
 10918 | D:10     | 10918 ||| PLANNING LAIR
 10918 | D:10     | 10918 ||| READING 3 scrolls of identify.
 10918 | D:10     | 10918 ||| IDENTIFYING green potion
 11007 | Lair:1   | Entered Level 1 of the Lair of Beasts
 11007 | Lair:1   | Noticed Urug
 11008 | Lair:1   | Noticed Harold
 11015 | Lair:1   | Killed Urug
 11031 | Lair:1   | Killed Harold
 11031 | Lair:1   | Reached * piety under Okawaru
 11205 | Lair:1   | 11205 ||| SWAPPING to +0 war axe of electrocution.
 11206 | Lair:1   | 11206 ||| DROPPING +2 war axe of draining.
 11229 | Lair:1   | Noticed Amaemon
 11230 | Lair:1   | 11230 ||| INVOKING Heroism.
 11231 | Lair:1   | 11231 ||| INVOKING Heroism.
 11239 | Lair:1   | Reached skill level 1 in Invocations
 11244 | Lair:1   | 11244 ||| INVOKING Heroism.
 11254 | Lair:1   | Killed Amaemon
 11320 | Lair:1   | 11320 ||| INVOKING Heroism.
 11333 | Lair:1   | 11333 ||| INVOKING Heroism.
 11338 | Lair:1   | Reached skill level 3 in Invocations
 11396 | Lair:1   | 11396 ||| Stepping ~*~*~tactically~*~*~ (stealth).
 11415 | Lair:1   | Found a stormy altar of Qazlal.
 11573 | Lair:1   | 11573 ||| INVOKING Heroism.
 11633 | Lair:1   | 11633 ||| INVOKING Heroism.
 11639 | Lair:1   | Reached skill level 3 in Throwing
 11714 | Lair:1   | Found a transporter.
 11715 | Lair:1   | Found a transporter.
 11736 | Lair:1   | 11736 ||| INVOKING Heroism.
 11760 | Lair:1   | 11760 ||| INVOKING Heroism.
 11769 | Lair:1   | Reached skill level 9 in Fighting
 11769 | Lair:1   | Reached XP level 12. HP: 76/76 MP: 12/15
 11854 | Lair:1   | 11854 ||| READING scroll labelled IBAYNT ZAPNOEP.
 11873 | Lair:2   | 11873 ||| STAIRDANCE
 11877 | Lair:2   | 11877 ||| STAIRDANCE
 11909 | Lair:2   | 11909 ||| INVOKING Heroism.
 11914 | Lair:2   | Reached ** piety under Okawaru
 12048 | Lair:2   | Noticed a four-headed hydra
 12049 | Lair:2   | 12049 ||| INVOKING Heroism.
 12053 | Lair:2   | 12053 ||| SWAPPING to +1 war axe of flaming.
 12061 | Lair:2   | Killed a one-headed hydra
 12062 | Lair:2   | 12062 ||| SWAPPING to +0 war axe of electrocution.
 12085 | Lair:2   | Identified the +1 ring mail of Surprise {Str+5}
 12087 | Lair:2   | Noticed Fannar
 12088 | Lair:2   | 12088 ||| INVOKING Heroism.
 12112 | Lair:2   | Killed Fannar
 12113 | Lair:2   | Reached skill level 12 in Axes
 12124 | Lair:2   | 12124 ||| INVOKING Heroism.
 12172 | Lair:2   | 12172 ||| INVOKING Heroism.
 12219 | Lair:2   | 12219 ||| Stepping ~*~*~tactically~*~*~ (stealth).
 12227 | Lair:2   | Reached *** piety under Okawaru
 12237 | Lair:2   | 12237 ||| Stepping ~*~*~tactically~*~*~ (hiding).
 12252 | Lair:2   | 12252 ||| INVOKING Heroism.
 12257 | Lair:2   | Reached skill level 9 in Armour
 12404 | Lair:2   | Found a staircase to the Shoals.
 12417 | Lair:2   | 12417 ||| INVOKING Heroism.
 12542 | Lair:2   | Noticed a boulder beetle
 12543 | Lair:2   | 12543 ||| INVOKING Heroism.
 12551 | Lair:2   | Killed a boulder beetle
 12801 | Lair:2   | 12801 ||| DROPPING ring of wizardry.
 12843 | Lair:3   | Noticed Gastronok
 12844 | Lair:3   | 12844 ||| INVOKING Heroism.
 12858 | Lair:3   | Killed Gastronok
 12871 | Lair:3   | Reached **** piety under Okawaru
 12920 | Lair:3   | 12920 ||| READING scroll of enchant weapon.
 12920 | Lair:3   | 12920 ||| ENCHANTING +0 war axe of electrocution.
 12922 | Lair:3   | Noticed Nergalle
 12923 | Lair:3   | 12923 ||| INVOKING Heroism.
 12934 | Lair:3   | Killed Nergalle
 13102 | Lair:3   | Noticed a four-headed hydra
 13103 | Lair:3   | 13103 ||| INVOKING Heroism.
 13104 | Lair:3   | Noticed a catoblepas
 13105 | Lair:3   | 13105 ||| Stepping ~*~*~tactically~*~*~ (stealth).
 13107 | Lair:3   | 13107 ||| SWAPPING to +1 war axe of flaming.
 13113 | Lair:3   | Killed a one-headed hydra
 13114 | Lair:3   | Reached XP level 13. HP: 82/82 MP: 14/16
 13114 | Lair:3   | 13114 ||| SWAPPING to +1 war axe of electrocution.
 13125 | Lair:3   | 13125 ||| INVOKING Heroism.
 13262 | Lair:3   | 13262 ||| Stepping ~*~*~tactically~*~*~ (hiding).
 13263 | Lair:3   | 13263 ||| Stepping ~*~*~tactically~*~*~ (hiding).
 13267 | Lair:3   | Found a staircase to the Snake Pit.
 13268 | Lair:3   | 13268 ||| INVOKING Heroism.
 13271 | Lair:3   | Received a gift from Okawaru
 13333 | Lair:3   | 13333 ||| Stepping ~*~*~tactically~*~*~ (stealth).
 13334 | Lair:3   | 13334 ||| Stepping ~*~*~tactically~*~*~ (stealth).
 13336 | Lair:3   | 13336 ||| Stepping ~*~*~tactically~*~*~ (stealth).
 13337 | Lair:3   | 13337 ||| INVOKING Heroism.
 13343 | Lair:3   | Reached skill level 6 in Invocations
 13399 | Lair:3   | Noticed Nessos
 13400 | Lair:3   | 13400 ||| Stepping ~*~*~tactically~*~*~ (hiding).
 13401 | Lair:3   | 13401 ||| Stepping ~*~*~tactically~*~*~ (hiding).
 13407 | Lair:3   | 13407 ||| Stepping ~*~*~tactically~*~*~ (hiding).
 13419 | Lair:3   | Killed Nessos
 13420 | Lair:3   | Reached skill level 13 in Axes
 13887 | Lair:3   | 13887 ||| READING 5 scrolls of identify.
 13887 | Lair:3   | 13887 ||| IDENTIFYING yellow potion
 13888 | Lair:3   | 13888 ||| DROPPING potion of degeneration.
 13909 | Lair:4   | 13909 ||| INVOKING Heroism.
 13910 | Lair:4   | 13910 ||| Stepping ~*~*~tactically~*~*~ (stealth).
 13959 | Lair:4   | Noticed Snorg
 13960 | Lair:4   | 13960 ||| Stepping ~*~*~tactically~*~*~ (stealth).
 13963 | Lair:4   | 13963 ||| Stepping ~*~*~tactically~*~*~ (stealth).
 13965 | Lair:4   | 13965 ||| INVOKING Heroism.
 13973 | Lair:4   | Killed Snorg
 14106 | Lair:4   | 14106 ||| INVOKING Heroism.
 14237 | Lair:4   | 14237 ||| Stepping ~*~*~tactically~*~*~ (stealth).
 14239 | Lair:4   | 14239 ||| Stepping ~*~*~tactically~*~*~ (stealth).
 14392 | Lair:4   | 14392 ||| INVOKING Heroism.
 14555 | Lair:4   | 14555 ||| Stepping ~*~*~tactically~*~*~ (hiding).
 14674 | Lair:4   | Reached ***** piety under Okawaru
 14739 | Lair:4   | 14739 ||| INVOKING Heroism.
 14850 | Lair:4   | Found a viscous altar of Jiyva.
 14850 | Lair:4   | Found a staircase to the Slime Pits.
 14971 | Lair:4   | 14971 ||| INVOKING Heroism.
 15319 | Lair:5   | Entered Level 5 of the Lair of Beasts
 15323 | Lair:5   | 15323 ||| INVOKING Heroism.
 15332 | Lair:5   | 15332 ||| Stepping ~*~*~tactically~*~*~ (stealth).
 15362 | Lair:5   | Noticed qw's ghost (journeyman GrFi)
 15426 | Lair:5   | 15426 ||| INVOKING Heroism.
 15427 | Lair:5   | 15427 ||| INVOKING Finesse.
 15431 | Lair:5   | 15431 ||| SWAPPING to +1 war axe of flaming.
 15445 | Lair:5   | 15445 ||| SWAPPING to +1 war axe of electrocution.
 15487 | Lair:5   | 15487 ||| Stepping ~*~*~tactically~*~*~ (hiding).
 15516 | Lair:5   | 15516 ||| Stepping ~*~*~tactically~*~*~ (stealth).
 15561 | Lair:5   | 15561 ||| INVOKING Heroism.
 15574 | Lair:5   | Reached skill level 9 in Invocations
 15613 | Lair:5   | 15613 ||| READING scroll of enchant weapon.
 15613 | Lair:5   | 15613 ||| ENCHANTING +1 war axe of electrocution.
 15623 | Lair:5   | 15623 ||| INVOKING Heroism.
 15708 | Lair:5   | 15708 ||| INVOKING Heroism.
 15735 | Lair:5   | 15735 ||| Stepping ~*~*~tactically~*~*~ (stealth).
 15757 | Lair:5   | 15757 ||| INVOKING Heroism.
 15793 | Lair:5   | Found a transporter.
 15810 | Lair:5   | 15810 ||| SWAPPING to +0 broad axe of flaming.
 15811 | Lair:5   | 15811 ||| DROPPING +1 war axe of flaming.
 15812 | Lair:5   | 15812 ||| DROPPING +2 war axe of electrocution.
 15868 | Lair:5   | 15868 ||| Stepping ~*~*~tactically~*~*~ (stealth).
 15870 | Lair:5   | 15870 ||| INVOKING Heroism.
 15999 | Lair:5   | Found a transporter.
 16010 | Lair:5   | Found the +8 storm bow {elec, penet}
 16129 | Lair:5   | 16129 ||| INVOKING Heroism.
 16130 | Lair:5   | 16130 ||| INVOKING Finesse.
 16145 | Lair:5   | Gained mutation: Your large and strong wings let you fly.
                  | [Gargoyle growth]
 16145 | Lair:5   | Reached XP level 14. HP: 88/88 MP: 14/21
 16288 | Lair:5   | 16288 ||| Stepping ~*~*~tactically~*~*~ (hiding).
 16295 | Lair:5   | 16295 ||| INVOKING Heroism.
 16403 | Lair:5   | 16403 ||| FLEEEEING.
 16468 | Lair:5   | 16468 ||| Stepping ~*~*~tactically~*~*~ (stealth).
 16471 | Lair:5   | 16471 ||| INVOKING Heroism.
 16472 | Lair:5   | 16472 ||| INVOKING Finesse.
 16500 | Lair:5   | 16500 ||| Stepping ~*~*~tactically~*~*~ (stealth).
 16501 | Lair:5   | 16501 ||| Stepping ~*~*~tactically~*~*~ (stealth).
 16540 | Lair:5   | 16540 ||| Stepping ~*~*~tactically~*~*~ (hiding).
 16547 | Lair:5   | 16547 ||| Stepping ~*~*~tactically~*~*~ (hiding).
 16556 | Lair:5   | Reached skill level 14 in Axes
 16675 | Lair:5   | 16675 ||| Stepping ~*~*~tactically~*~*~ (stealth).
 16735 | Lair:5   | 16735 ||| Stepping ~*~*~tactically~*~*~ (stealth).
 16736 | Lair:5   | 16736 ||| Stepping ~*~*~tactically~*~*~ (stealth).
 16823 | Lair:5   | 16823 ||| Stepping ~*~*~tactically~*~*~ (stealth).
 16825 | Lair:5   | 16825 ||| Stepping ~*~*~tactically~*~*~ (hiding).
 16832 | Lair:5   | 16832 ||| INVOKING Heroism.
 16842 | Lair:5   | 16842 ||| Stepping ~*~*~tactically~*~*~ (stealth).
 16861 | Lair:5   | 16861 ||| Stepping ~*~*~tactically~*~*~ (stealth).
 16865 | Lair:5   | 16865 ||| Stepping ~*~*~tactically~*~*~ (stealth).
 16866 | Lair:5   | 16866 ||| Stepping ~*~*~tactically~*~*~ (hiding).
 16868 | Lair:5   | 16868 ||| Stepping ~*~*~tactically~*~*~ (hiding).
 16882 | Lair:5   | Received a gift from Okawaru
 16892 | Lair:5   | 16892 ||| Stepping ~*~*~tactically~*~*~ (stealth).
 16900 | Lair:5   | 16900 ||| Stepping ~*~*~tactically~*~*~ (stealth).
 16902 | Lair:5   | 16902 ||| Stepping ~*~*~tactically~*~*~ (hiding).
 16905 | Lair:5   | 16905 ||| Stepping ~*~*~tactically~*~*~ (stealth).
 16909 | Lair:5   | 16909 ||| INVOKING Heroism.
 16924 | Lair:5   | 16924 ||| Stepping ~*~*~tactically~*~*~ (stealth).
 16960 | Lair:5   | 16960 ||| Stepping ~*~*~tactically~*~*~ (hiding).
 16971 | Lair:5   | 16971 ||| INVOKING Heroism.
 16974 | Lair:5   | 16974 ||| Stepping ~*~*~tactically~*~*~ (stealth).
 17175 | Lair:5   | 17175 ||| Stepping ~*~*~tactically~*~*~ (stealth).
 17177 | Lair:5   | 17177 ||| INVOKING Heroism.
 17196 | Lair:5   | 17196 ||| INVOKING Heroism.
 17222 | Lair:5   | 17222 ||| Stepping ~*~*~tactically~*~*~ (stealth).
 17465 | Lair:5   | Reached skill level 12 in Shields
 17588 | Lair:5   | 17588 ||| PLANNING D:1-11
 17588 | Lair:5   | 17588 ||| READING scroll labelled UHODWUSANA.
 17758 | D:11     | Noticed a stone giant
 17759 | D:11     | 17759 ||| READING 5 scrolls of teleportation.
 17760 | D:11     | 17760 ||| STAIRDANCE
 17790 | D:11     | 17790 ||| INVOKING Heroism.
 17794 | D:11     | Noticed limozeen581's ghost (journeyman DEHW)
 17910 | D:11     | Found a staircase to the Orcish Mines.
 17920 | D:11     | 17920 ||| INVOKING Heroism.
 18052 | D:11     | Found a transporter.
 18056 | D:11     | Found a transporter.
 18398 | D:11     | Found a white marble altar of Elyvilon.
 18467 | D:11     | 18467 ||| INVOKING Heroism.
 18468 | D:11     | 18468 ||| INVOKING Finesse.
 18848 | D:11     | 18848 ||| PLANNING D
 18884 | D:12     | 18884 ||| INVOKING Heroism.
 18886 | D:12     | 18886 ||| STAIRDANCE
 18899 | D:12     | 18899 ||| STAIRDANCE
 18973 | D:12     | Found a transporter.
 18979 | D:12     | Found a transporter.
 19059 | D:12     | 19059 ||| INVOKING Heroism.
 19079 | D:12     | HP: 19/90 [meliai/divine providence (14)]
 19080 | D:12     | 19080 ||| READING 5 scrolls of teleportation.
 19081 | D:12     | 19081 ||| DRINKING potion of heal wounds.
 19447 | D:12     | Identified the -2 pair of boots "Naimol" {Harm rF- SInv}
                  | (Okawaru gifted it to you on level 12 of the Dungeon)
 19447 | D:12     | Received a gift from Okawaru
 19532 | D:12     | Found a glowing silver altar of Zin.
 19568 | D:12     | Noticed qw's ghost (journeyman GrFi)
 19578 | D:12     | 19578 ||| Stepping ~*~*~tactically~*~*~ (hiding).
 19579 | D:12     | 19579 ||| INVOKING Heroism.
 19653 | D:12     | 19653 ||| FLEEEEING.
 19654 | D:12     | 19654 ||| FLEEEEING.
 19655 | D:12     | 19655 ||| FLEEEEING.
 19656 | D:12     | 19656 ||| FLEEEEING.
 19657 | D:12     | 19657 ||| FLEEEEING.
 19658 | D:12     | 19658 ||| FLEEEEING.
 19659 | D:12     | 19659 ||| FLEEEEING.
 19660 | D:12     | 19660 ||| FLEEEEING.
 19661 | D:12     | 19661 ||| FLEEEEING.
 19662 | D:12     | 19662 ||| FLEEEEING.
 19663 | D:12     | 19663 ||| FLEEEEING.
 19664 | D:12     | 19664 ||| FLEEEEING.
 19671 | D:12     | Reached skill level 15 in Axes
 19787 | D:12     | 19787 ||| Stepping ~*~*~tactically~*~*~ (stealth).
 19794 | D:12     | 19794 ||| INVOKING Heroism.
 19854 | D:12     | 19854 ||| Stepping ~*~*~tactically~*~*~ (stealth).
 19857 | D:12     | 19857 ||| INVOKING Heroism.
 19860 | D:12     | 19860 ||| Stepping ~*~*~tactically~*~*~ (hiding).
 20058 | D:12     | 20058 ||| DROPPING -2 pair of boots "Naimol" {Harm rF-
                  | SInv}.
 20144 | D:13     | 20144 ||| Stepping ~*~*~tactically~*~*~ (stealth).
 20145 | D:13     | 20145 ||| Stepping ~*~*~tactically~*~*~ (stealth).
 20148 | D:13     | 20148 ||| INVOKING Heroism.
 20149 | D:13     | 20149 ||| Stepping ~*~*~tactically~*~*~ (stealth).
 20157 | D:13     | 20157 ||| Stepping ~*~*~tactically~*~*~ (stealth).
 20158 | D:13     | 20158 ||| Stepping ~*~*~tactically~*~*~ (stealth).
 20160 | D:13     | 20160 ||| READING 5 scrolls of teleportation.
 20184 | D:13     | 20184 ||| INVOKING Heroism.
 20526 | D:13     | 20526 ||| Stepping ~*~*~tactically~*~*~ (stealth).
 20532 | D:13     | 20532 ||| INVOKING Heroism.
 20538 | D:13     | 20538 ||| READING 4 scrolls of teleportation.
 20572 | D:13     | 20572 ||| Stepping ~*~*~tactically~*~*~ (stealth).
 20573 | D:13     | 20573 ||| Stepping ~*~*~tactically~*~*~ (stealth).
 20607 | D:13     | Found a gate to the Vaults.
 20608 | D:13     | 20608 ||| Stepping ~*~*~tactically~*~*~ (stealth).
 20610 | D:13     | 20610 ||| INVOKING Heroism.
 20621 | D:13     | Reached XP level 15. HP: 95/95 MP: 20/22
 20643 | D:13     | 20643 ||| Stepping ~*~*~tactically~*~*~ (stealth).
 20657 | D:13     | 20657 ||| INVOKING Heroism.
 20728 | D:13     | 20728 ||| FLEEEEING.
 20729 | D:13     | 20729 ||| FLEEEEING.
 20730 | D:13     | 20730 ||| FLEEEEING.
 20731 | D:13     | 20731 ||| FLEEEEING.
 20732 | D:13     | 20732 ||| FLEEEEING.
 20733 | D:13     | 20733 ||| FLEEEEING.
 20734 | D:13     | 20734 ||| FLEEEEING.
 20735 | D:13     | 20735 ||| FLEEEEING.
 20736 | D:13     | 20736 ||| FLEEEEING.
 20737 | D:13     | 20737 ||| FLEEEEING.
 20739 | D:13     | 20739 ||| FLEEEEING.
 20740 | D:13     | 20740 ||| FLEEEEING.
 20741 | D:13     | 20741 ||| FLEEEEING.
 20742 | D:13     | 20742 ||| FLEEEEING.
 20743 | D:13     | 20743 ||| FLEEEEING.
 20744 | D:13     | 20744 ||| FLEEEEING.
 20745 | D:13     | 20745 ||| FLEEEEING.
 20757 | D:13     | 20757 ||| INVOKING Heroism.
 20772 | D:13     | Reached skill level 12 in Fighting
 20968 | D:13     | 20968 ||| Stepping ~*~*~tactically~*~*~ (stealth).
 21075 | D:13     | 21075 ||| Stepping ~*~*~tactically~*~*~ (stealth).
 21271 | D:13     | 21271 ||| Stepping ~*~*~tactically~*~*~ (hiding).
 21301 | D:13     | Received a gift from Okawaru
 21324 | D:13     | 21324 ||| Stepping ~*~*~tactically~*~*~ (stealth).
 21326 | D:13     | 21326 ||| INVOKING Heroism.
 22329 | D:14     | 22329 ||| UPGRADING to scarf of repulsion.
 22364 | D:15     | Entered Level 15 of the Dungeon
 22423 | D:15     | Found Gajuvvek's Armour Shoppe.
 22469 | D:15     | 22469 ||| INVOKING Heroism.
 22935 | D:15     | 22935 ||| INVOKING Heroism.
 22958 | D:15     | Received a gift from Okawaru
 23061 | D:15     | 23061 ||| Stepping ~*~*~tactically~*~*~ (stealth).
 23067 | D:15     | 23067 ||| INVOKING Heroism.
 23076 | D:15     | Reached skill level 16 in Axes
 23230 | D:15     | 23230 ||| READING scroll of brand weapon.
 23230 | D:15     | 23230 ||| BRANDING +0 broad axe of flaming.
 23269 | D:15     | 23269 ||| DROPPING +0 flail.
 23340 | D:15     | Identified the +6 sling of Experimentation {flame, rN++
                  | Str-4}
 23427 | D:15     | 23427 ||| INVOKING Heroism.
 23481 | D:15     | Found a staircase to the Depths.
 23482 | D:15     | 23482 ||| Stepping ~*~*~tactically~*~*~ (hiding).
 23484 | D:15     | 23484 ||| INVOKING Heroism.
 23485 | D:15     | 23485 ||| INVOKING Finesse.
 24021 | D:15     | 24021 ||| PLANNING ORC
 24021 | D:15     | 24021 ||| UPGRADING to +1 kite shield of fire resistance.
 24031 | D:15     | 24031 ||| DROPPING +0 kite shield.
 24032 | D:15     | 24032 ||| DROPPING +2 hat.
 24033 | D:15     | 24033 ||| DROPPING amulet of faith.
 24121 | D:12     | 24121 ||| INVOKING Heroism.
 24283 | Orc:1    | Entered Level 1 of the Orcish Mines
 24391 | Orc:1    | 24391 ||| INVOKING Heroism.
 24540 | Orc:1    | Noticed Erica
 24541 | Orc:1    | 24541 ||| INVOKING Heroism.
 24546 | Orc:1    | 24546 ||| DRINKING 6 potions of curing.
 24546 | Orc:1    | 24546 ||| (to cure confusion)
 24550 | Orc:1    | Killed Erica
 24710 | Orc:2    | Entered Level 2 of the Orcish Mines
 24711 | Orc:2    | 24711 ||| INVOKING Heroism.
 24729 | Orc:2    | 24729 ||| Stepping ~*~*~tactically~*~*~ (hiding).
 24792 | Orc:2    | 24792 ||| INVOKING Heroism.
 24847 | Orc:2    | Noticed Erolcha
 24857 | Orc:2    | Killed Erolcha
 24959 | Orc:2    | 24959 ||| Stepping ~*~*~tactically~*~*~ (stealth).
 25036 | Orc:2    | Noticed Sonja
 25037 | Orc:2    | 25037 ||| INVOKING Finesse.
 25040 | Orc:2    | 25040 ||| INVOKING Heroism.
 25047 | Orc:2    | Killed Sonja
 25117 | Orc:2    | Found a staircase to the Elven Halls.
 25118 | Orc:2    | 25118 ||| Stepping ~*~*~tactically~*~*~ (stealth).
 25175 | Orc:2    | 25175 ||| INVOKING Heroism.
 25182 | Orc:2    | Reached XP level 16. HP: 93/101 MP: 21/23
 25199 | Orc:2    | Noticed Blork the orc
 25199 | Orc:2    | Noticed Maurice
 25205 | Orc:2    | 25205 ||| INVOKING Finesse.
 25209 | Orc:2    | Killed Blork the orc
 25211 | Orc:2    | Reached skill level 17 in Axes
 25224 | Orc:2    | Killed Maurice
 25251 | Orc:2    | 25251 ||| INVOKING Finesse.
 25264 | Orc:2    | 25264 ||| INVOKING Heroism.
 25294 | Orc:2    | 25294 ||| FLEEEEING.
 25295 | Orc:2    | 25295 ||| FLEEEEING.
 25296 | Orc:2    | 25296 ||| FLEEEEING.
 25297 | Orc:2    | 25297 ||| FLEEEEING.
 25298 | Orc:2    | 25298 ||| FLEEEEING.
 25299 | Orc:2    | 25299 ||| FLEEEEING.
 25300 | Orc:2    | 25300 ||| FLEEEEING.
 25301 | Orc:2    | 25301 ||| FLEEEEING.
 25302 | Orc:2    | 25302 ||| FLEEEEING.
 25303 | Orc:2    | 25303 ||| FLEEEEING.
 25304 | Orc:2    | 25304 ||| FLEEEEING.
 25305 | Orc:2    | 25305 ||| FLEEEEING.
 25312 | Orc:2    | 25312 ||| FLEEEEING.
 25313 | Orc:2    | 25313 ||| FLEEEEING.
 25314 | Orc:2    | 25314 ||| FLEEEEING.
 25315 | Orc:2    | 25315 ||| FLEEEEING.
 25316 | Orc:2    | 25316 ||| FLEEEEING.
 25317 | Orc:2    | 25317 ||| FLEEEEING.
 25322 | Orc:2    | 25322 ||| FLEEEEING.
 25323 | Orc:2    | 25323 ||| FLEEEEING.
 25324 | Orc:2    | 25324 ||| Stepping ~*~*~tactically~*~*~ (hiding).
 25325 | Orc:2    | 25325 ||| FLEEEEING.
 25326 | Orc:2    | 25326 ||| Stepping ~*~*~tactically~*~*~ (hiding).
 25327 | Orc:2    | 25327 ||| INVOKING Heroism.
 25634 | Orc:2    | 25634 ||| Stepping ~*~*~tactically~*~*~ (hiding).
 25638 | Orc:2    | 25638 ||| INVOKING Heroism.
 25646 | Orc:2    | 25646 ||| Stepping ~*~*~tactically~*~*~ (hiding).
 25647 | Orc:2    | 25647 ||| Stepping ~*~*~tactically~*~*~ (hiding).
 25648 | Orc:2    | 25648 ||| Stepping ~*~*~tactically~*~*~ (hiding).
 25654 | Orc:2    | 25654 ||| Stepping ~*~*~tactically~*~*~ (hiding).
 25656 | Orc:2    | 25656 ||| Stepping ~*~*~tactically~*~*~ (hiding).
 25680 | Orc:2    | Found Besanog's Antique Weapon Boutique.
 25705 | Orc:2    | 25705 ||| BUYING bloodstained war axe (195 gold).
 25705 | Orc:2    | Bought a bloodstained war axe for 195 gold pieces
 25705 | Orc:2    | Identified the +5 war axe of Foolhardiness {elec, rPois
                  | rN+} (You bought it in a shop on level 2 of the Orcish
                  | Mines)
 25705 | Orc:2    | 25705 ||| DROPPING +5 war axe of Foolhardiness {elec, rPois
                  | rN+}.
 25715 | Orc:2    | Found Ikysyn's Antique Armour Boutique.
 25731 | Orc:2    | 25731 ||| BUYING glowing chain mail (255 gold).
 25731 | Orc:2    | Bought a glowing chain mail for 255 gold pieces
 25740 | Orc:2    | Found Givof's Book Boutique.
 25757 | Orc:2    | 25757 ||| FLEEEEING.
 25758 | Orc:2    | 25758 ||| FLEEEEING.
 25759 | Orc:2    | 25759 ||| FLEEEEING.
 25760 | Orc:2    | 25760 ||| FLEEEEING.
 25761 | Orc:2    | 25761 ||| FLEEEEING.
 25762 | Orc:2    | 25762 ||| FLEEEEING.
 25763 | Orc:2    | 25763 ||| FLEEEEING.
 25764 | Orc:2    | 25764 ||| FLEEEEING.
 25765 | Orc:2    | 25765 ||| FLEEEEING.
 25766 | Orc:2    | 25766 ||| INVOKING Heroism.
 25986 | Orc:2    | Found Gauciargh's General Store.
 26108 | Orc:2    | 26108 ||| PLANNING SNAKE:1-3
 26108 | Orc:2    | 26108 ||| DROPPING +0 cloak.
 26109 | Orc:2    | 26109 ||| UPGRADING to +0 tower shield.
 26119 | Orc:2    | 26119 ||| DROPPING +1 kite shield of fire resistance.
 26120 | Orc:2    | 26120 ||| DROPPING +2 chain mail of poison resistance.
 26308 | Snake:1  | Entered Level 1 of the Snake Pit
 26309 | Snake:1  | 26309 ||| INVOKING Heroism.
 26349 | Snake:1  | Found Sucamp's Book Shop.
 26358 | Snake:1  | Found Liappof's Book Shop.
 26387 | Snake:1  | 26387 ||| Stepping ~*~*~tactically~*~*~ (hiding).
 26442 | Snake:1  | 26442 ||| Stepping ~*~*~tactically~*~*~ (stealth).
 26456 | Snake:1  | 26456 ||| Stepping ~*~*~tactically~*~*~ (hiding).
 26511 | Snake:1  | 26511 ||| Stepping ~*~*~tactically~*~*~ (hiding).
 26535 | Snake:1  | 26535 ||| Stepping ~*~*~tactically~*~*~ (stealth).
 26536 | Snake:1  | 26536 ||| Stepping ~*~*~tactically~*~*~ (stealth).
 26538 | Snake:1  | 26538 ||| Stepping ~*~*~tactically~*~*~ (stealth).
 26550 | Snake:1  | 26550 ||| Stepping ~*~*~tactically~*~*~ (stealth).
 26552 | Snake:1  | 26552 ||| Stepping ~*~*~tactically~*~*~ (stealth).
 26553 | Snake:1  | 26553 ||| Stepping ~*~*~tactically~*~*~ (stealth).
 26557 | Snake:1  | 26557 ||| Stepping ~*~*~tactically~*~*~ (stealth).
 26559 | Snake:1  | 26559 ||| Stepping ~*~*~tactically~*~*~ (stealth).
 26562 | Snake:1  | 26562 ||| Stepping ~*~*~tactically~*~*~ (stealth).
 26564 | Snake:1  | 26564 ||| Stepping ~*~*~tactically~*~*~ (stealth).
 26628 | Snake:1  | 26628 ||| Stepping ~*~*~tactically~*~*~ (stealth).
 26630 | Snake:1  | 26630 ||| Stepping ~*~*~tactically~*~*~ (stealth).
 26670 | Snake:1  | 26670 ||| Stepping ~*~*~tactically~*~*~ (stealth).
 26681 | Snake:1  | Identified the +3 broad axe "Ajetai Xelud" {vorpal, rElec
                  | rCorr Dex+3} (Okawaru gifted it to you on level 1 of the
                  | Snake Pit)
 26681 | Snake:1  | Received a gift from Okawaru
 26687 | Snake:1  | 26687 ||| INVOKING Heroism.
 26704 | Snake:1  | 26704 ||| SWAPPING to +3 broad axe "Ajetai Xelud" {vorpal,
                  | rElec rCorr Dex+3}.
 26705 | Snake:1  | 26705 ||| DROPPING +0 broad axe of electrocution.
 26953 | Snake:1  | 26953 ||| Stepping ~*~*~tactically~*~*~ (hiding).
 27305 | Snake:1  | 27305 ||| Stepping ~*~*~tactically~*~*~ (hiding).
 27308 | Snake:1  | 27308 ||| Stepping ~*~*~tactically~*~*~ (hiding).
 27320 | Snake:1  | 27320 ||| INVOKING Heroism.
 27331 | Snake:1  | Reached skill level 15 in Shields
 27334 | Snake:1  | 27334 ||| Stepping ~*~*~tactically~*~*~ (stealth).
 27794 | Snake:1  | 27794 ||| Stepping ~*~*~tactically~*~*~ (hiding).
 27797 | Snake:1  | 27797 ||| Stepping ~*~*~tactically~*~*~ (hiding).
 27798 | Snake:1  | 27798 ||| Stepping ~*~*~tactically~*~*~ (hiding).
 27800 | Snake:1  | 27800 ||| INVOKING Heroism.
 27807 | Snake:1  | 27807 ||| Stepping ~*~*~tactically~*~*~ (hiding).
 28037 | Snake:2  | 28037 ||| INVOKING Heroism.
 28048 | Snake:2  | Received a gift from Okawaru
 28049 | Snake:2  | HP: 14/103 [salamander/+0 halberd (14)]
 28050 | Snake:2  | 28050 ||| READING 5 scrolls of teleportation.
 28050 | Snake:2  | Slain by a salamander

Levels and vault maps discovered:
D:1:      minmay_arrival_cross, layout_loops_ring,
          hellmonk_ecumenical_altar_heavens_door, serial_bayou_lagoon_a
D:2:      layout_basic
D:3:      minmay_door_path, layout_loops_cross, mainiacjoe_overflow_swirl,
          trog_butcher_becter, minmay_starry_boxes, uniq_ijyb
D:4:      layout_basic, evilmike_ruin_ashenzari, portal_sewer_entry_b,
          hangedman_decor_lopped, nicolae_shop_unique_rings,
          chequers_serial_rivers_micro_b, nicolae_shop_sticking_my_neck_out,
          uniq_robin, uniq_pikel, uniq_grinder, uniq_natasha
D:5:      layout_basic, minmay_temple_entry_enclosed_plants, serial_glass,
          glass_columns_a, glass_columns_a, minmay_strange_pillars,
          minmay_strange_pillars
D:6:      layout_cave_pools
D:7:      layout_rooms, enter_ossuary_5, gammafunk_ghost_icy, uniq_duvessa
D:8:      layout_gridville, kiku_gazebo_pond_becter, minmay_lair_entry_grove,
          hellmonk_guarded_unrand_lears
D:9:      layout_basic, mainiacjoe_overflow_concentric_impassable
D:10:     layout_rooms, mainiacjoe_overflow_six_doors_small, st_stairs_10
D:11:     layout_loops_ring, minmay_orc_entry_temple_small,
          gammafunk_ghost_arena, elyvilon_altar_4
D:12:     layout_roguey [special_room_bee], nzn_ghost_randoct, zin_treasury
D:13:     layout_loops_corners, erik_vaults_2
D:14:     layout_basic, serial_park_tiny_pond, minmay_liquid_box
D:15:     hangedman_depths_entry_civil_slaughter, layout_basic, serial_shops,
          nicolae_diamond_shop, serial_curves, eino_curves_02, eino_curves_02,
          eino_curves_02, eino_curves_03
Temple:   minmay_freezing_vapour_temple
Lair:1:   gammafunk_boulding_lane, layout_hall_layers, basic_altar,
          columned_hall_lemuel, serial_bayou_pond_e, grunt_megastairs_2,
          infiniplex_staircase_pool, uniq_urug, uniq_harold, uniq_amaemon
Lair:2:   layout_concentric_octagons, elwin_shoals_entry_stream, uniq_fannar
Lair:3:   layout_loops_ring, guppyfry_snake_entry_island,
          nicolae_lair_grazing_beasts [nicolae_sub_lair_graze_edge,
          nicolae_sub_lair_graze_edge, nicolae_sub_lair_graze_edge,
          nicolae_sub_lair_graze_edge], uniq_gastronok, uniq_nergalle,
          uniq_nessos
Lair:4:   beast_lair_carwin_large_2, layout_small_grid,
          dpeg_slime_entry_enclosed, uniq_snorg
Lair:5:   guppyfry_lair_end_dragon, layout_regular_city,
          hangedman_lair_caniforms_friends, gammafunk_ghost_arena,
          grunt_megastairs_3
Snake:1:  layout_onion_interference, hangedman_snake_corridor_split,
          grunt_megastairs_5, serial_bayou_shore_a, minmay_shop_star
Snake:2:  layout_onion, basic_altar, drop_trap, nicolae_shop_overcharged_wands,
          uniq_agnes
Orc:1:    layout_caves, uniq_erica
Orc:2:    grunt_orc_cross, layout_diamond_mine, mines2_david, uniq_maurice,
          uniq_erolcha, uniq_sonja

Skill      XL: |  1  2  3  4  5  6  7  8  9 10 11 12 13 14 15 16 |
---------------+-------------------------------------------------+-----
Axes           | 2 3 5 6 8 10 11 12 13 15 16 17 | 17.0
Fighting       | 4 6 7 8 9 10 11 12 | 12.7
Dodging        | 1 2 3 4 5 |  5.0
Armour         | 4 6 7 8 9 10 11 | 11.0
Shields        | 4 6 10 11 12 13 15 | 15.4
Throwing       | 3 4 |  4.0
Invocations    | 4 5 9 10 | 10.0

Action                   |  1- 3 |  4- 6 |  7- 9 | 10-12 | 13-15 | 16-18 || total
-------------------------+-------+-------+-------+-------+-------+-------++-------
Melee: War axe           |    85 |   140 |   257 |   640 |   279 |       ||  1401
       Broad axe         |       |       |       |       |   988 |   349 ||  1337
Throw: Boomerang         |       |       |       |    13 |   111 |    13 ||   137
       Javelin           |       |       |       |    31 |    88 |       ||   119
Invok: Heroism           |       |       |       |    19 |    51 |     9 ||    79
       Finesse           |       |       |       |       |     6 |     2 ||     8
  Use: Scroll            |     3 |     6 |     5 |    15 |     8 |     1 ||    38
       Potion            |     1 |     2 |       |     5 |     2 |       ||    10
Armor: Scale mail        |    40 |    45 |       |       |       |       ||    85
       Chain mail        |       |    22 |   128 |    90 |       |       ||   240
       Plate armour      |       |       |       |   132 |   361 |    65 ||   558
Dodge: Dodged            |    42 |    35 |    60 |   204 |   378 |    83 ||   802
       Repelled          |       |       |       |       |     2 |     7 ||     9
Block: Buckler           |    21 |    58 |    93 |    83 |       |       ||   255
       Reflection        |       |       |     3 |     6 |    31 |    26 ||    66
       Kite shield       |       |       |       |   392 |  1098 |    81 ||  1571
       Tower shield      |       |       |       |       |       |   275 ||   275

Table legend:
 A = Non-vault XP
 B = Vault XP
 C = Vault XP percentage of total XP
 D = Non-vault monster count
 E = Vault monster count
 F = Vault count percentage of total count
                 A         B        C        D         E       F
            +---------+---------+-------+---------+---------+-------
      Total |   95511 |   67014 |  41.2 |     496 |     280 |  36.1
            +---------+---------+-------+---------+---------+-------
        D:1 |      46 |       0 |   0.0 |      21 |       0 |   0.0
        D:2 |      70 |       0 |   0.0 |      12 |       0 |   0.0
        D:3 |      57 |     169 |  74.8 |      17 |       8 |  32.0
        D:4 |     419 |     972 |  69.9 |      23 |      21 |  47.7
        D:5 |     885 |       0 |   0.0 |      18 |       0 |   0.0
        D:6 |     617 |       0 |   0.0 |      15 |       0 |   0.0
        D:7 |    1614 |     206 |  11.3 |      26 |       2 |   7.1
        D:8 |     735 |    2681 |  78.5 |      15 |      13 |  46.4
        D:9 |    2108 |       0 |   0.0 |      39 |       0 |   0.0
       D:10 |    1674 |    1101 |  39.7 |      24 |       3 |  11.1
       D:11 |    5572 |     107 |   1.9 |      23 |      10 |  30.3
       D:12 |    5622 |    2606 |  31.7 |      17 |      27 |  61.4
       D:13 |    9497 |    6906 |  42.1 |      24 |       8 |  25.0
       D:14 |    1965 |       0 |   0.0 |       5 |       0 |   0.0
       D:15 |   17305 |    4502 |  20.6 |      30 |       6 |  16.7
     Lair:1 |    1625 |    3654 |  69.2 |       7 |       6 |  46.2
     Lair:2 |    5351 |    2500 |  31.8 |      18 |       5 |  21.7
     Lair:3 |    5220 |    4358 |  45.5 |      16 |       7 |  30.4
     Lair:4 |    4892 |    3101 |  38.8 |      24 |       7 |  22.6
     Lair:5 |    9862 |   14819 |  60.0 |      29 |      75 |  72.1
    Snake:1 |   13603 |    9125 |  40.1 |      31 |      19 |  38.0
    Snake:2 |    2239 |       0 |   0.0 |       4 |       0 |   0.0
      Orc:1 |     400 |     831 |  67.5 |       7 |       1 |  12.5
      Orc:2 |    4133 |    9228 |  69.1 |      51 |      46 |  47.4
    Ossuary |       0 |     148 | 100.0 |       0 |      16 | 100.0
            +---------+---------+-------+---------+---------+-------
